 Dungeon Crawl Stone Soup version 0.30-a0-12-gd8047c6341 (webtiles) character file.

Game seed: 10858461588529900594

67 Zonian the Sneak (level 3, 0/18 HPs)
             Began as a Spriggan Brigand on Aug 24, 2022.
             Killed from afar by Natasha (8 damage)
             ... with a magic dart
             ... on level 2 of the Dungeon.
             The game lasted 00:03:03 (3201 turns).

Zonian the Sneak (Spriggan Brigand)                 Turns: 3201, Time: 00:03:04

Health: 0/18       AC:  2    Str:  7    XL:     3   Next: 98%
Magic:  4/4        EV: 17    Int: 12    God:
Gold:   49         SH:  0    Dex: 18    Spells: 2/2 levels left

rFire   . . .      SeeInvis +    a - +2 dagger
rCold   . . .      Faith    .    (no shield)
rNeg    . . .      Spirit   .    b - +0 robe
rPois   .          Reflect  .    (helmet restricted)
rElec   .          Harm     .    (no cloak)
rCorr   .          Rampage  .    (gloves unavailable)
Will    .....                    (boots unavailable)
Stlth   +++.......               (no amulet)
HPRegen 0.06/turn                (no ring)
MPRegen 0.09/turn                (no ring)

@: very quick
A: very small, no large weapons, unfitting armour, see invisible, speed 3
a: no special abilities


You were on level 2 of the Dungeon.
You visited 1 branch of the dungeon, and saw 2 of its levels.

You collected 49 gold pieces.

Inventory:

Hand Weapons
 a - a +2 dagger (weapon)
Missiles
 d - 9 poisoned darts (quivered)
 e - 3 curare-tipped darts
Armour
 b - a +0 robe (worn)
 c - a +0 cloak
 g - a scarf of shadows
Scrolls
 f - a scroll of identify {unknown}
 h - 2 scrolls of enchant armour {unknown}
 i - 2 scrolls of acquirement {unknown}
 k - 2 scrolls of amnesia {unknown}
 l - a scroll of vulnerability {unknown}
 m - a scroll of magic mapping {unknown}
 n - a scroll of enchant weapon {unknown}
Potions
 j - a potion of degeneration {unknown}
 o - a potion of attraction {unknown}
 p - a potion of curing {unknown}


   Skills:
 + Level 2.1 Fighting
 + Level 2.8 Short Blades
 + Level 2.6 Throwing
 + Level 2.5 Dodging
 + Level 6.4 Stealth


You had 2 spell levels left.
You didn't know any spells.
Your spell library was empty.

Dungeon Overview and Level Annotations

Branches:
Dungeon (2/15)

Altars:

Annotations:
D:2 Natasha, Robin


Innate Abilities, Weirdness & Mutations

You are very small and have problems with some larger weapons.
You are too small for most types of armour.
You have supernaturally acute eyesight. (SInv)
You cover ground extremely quickly. (Speed+++)


Message History

Natasha claws you.
You hit Natasha.
Natasha is moderately wounded.
Natasha claws you.
You barely miss Natasha.
Natasha is moderately wounded.
Natasha wildly gestures.
You feel disoriented. Natasha barely misses you.
You hit Natasha.
Natasha is heavily wounded.
Natasha barely misses you.
You hit Natasha but do no damage.
Natasha is heavily wounded.
Natasha misses you.
You barely miss Natasha.
Natasha is heavily wounded.
Natasha claws you.
You closely miss Natasha.
Natasha is heavily wounded.
You miss Natasha.
Natasha is heavily wounded.
Natasha casts a spell at you. You resist with some effort.
You barely miss Natasha.
Natasha is heavily wounded.
Natasha misses you.
You barely miss Natasha.
Natasha is heavily wounded.
Natasha extends her claws.
Natasha claws you.
You are too injured to fight recklessly!
You are too injured to fight recklessly!
You are too injured to fight recklessly!
Unknown command.
You hit Natasha.
Natasha is almost dead.
Natasha casts a spell at you. The magic dart hits you!
You die...

# #.##.......#
####.# #.##.#+#####
#....# #.# .#
#.#### #.# .#
##.####### ####.#
.# #........#
.....# ########.#
#### .##########
#.# ...
......h...## #.#
### #...@...# #.#
+.......# #.#
#.......#######.#
..................#
######+#+##########


You could see Natasha.

Vanquished Creatures
  2 adders (D:2)
  2 dart slugs
  4 ball pythons (D:1)
  5 endoplasms
  2 giant cockroaches
  5 hobgoblins
  4 jackals (D:2)
  3 kobolds
  2 quokkas (D:1)
  A bat (D:1)
  A frilled lizard (D:1)
  6 goblins
  3 rats
40 creatures vanquished.

Notes
Turn   | Place    | Note
-------+----------+-------------------------------------------
     0 | D:1      | Zonian the Spriggan Brigand began the quest for the Orb.
     0 | D:1      | Reached XP level 1. HP: 10/10 MP: 2/2
   558 | D:1      | Reached skill level 6 in Stealth
   562 | D:1      | Reached XP level 2. HP: 15/15 MP: 3/3
  1308 | D:2      | Reached XP level 3. HP: 18/18 MP: 4/4
  2141 | D:2      | Noticed Robin
  3184 | D:2      | Noticed Natasha
  3201 | D:2      | Killed from afar by Natasha

Illustrated notes

Levels and vault maps discovered:
D:1:      reono_arrival_mine, layout_loops_ring, hangedman_glass_teeth,
          minmay_misc_feat_rows, minmay_indecisive_spiral
D:2:      layout_basic, basic_altar, uniq_natasha, uniq_robin

Skill      XL: |  1  2  3 |
---------------+----------+-----
Stealth        | 6 |  6.4
Dodging        | 2 |  2.5
Fighting       | 2 |  2.1
Short Blades   | |  2.8
Throwing       | |  2.6

Action                   || total
-------------------------++-------
Melee: Dagger            ||   163
       Punch             ||     2
Throw: Dart              ||     3
 Stab: Sleeping          ||     5
Armor: Robe              ||    12
Dodge: Dodged            ||   121

Table legend: (Time is in decaauts)
 A = Elapsed time spent in this place.
 B = Non-inter-level travel time spent in this place.
 C = Inter-level travel time spent in this place.
 D = Time resting spent in this place.
 E = Time spent auto-exploring this place.
 F = Levels seen in this place.
 G = Mean time per level.
                   A        B        C        D        E       F      G
               +--------+--------+--------+--------+--------+-----+--------+
         Total |   2697 |   2625 |     72 |   1359 |    889 |   2 | 1348.5 |
       Dungeon |   2697 |   2625 |     72 |   1359 |    889 |   2 | 1348.5 |
               +--------+--------+--------+--------+--------+-----+--------+

Top non-repeatable levels by time:
     D:1: 1727 daAuts
     D:2: 969 daAuts
